 Dungeon Crawl Stone Soup version 0.31-a0-210-gccc998df9b (webtiles) character file.

Game seed: 2138169184274274594

39 qw the Chopper (level 3, 0/23 HPs)
             Began as a Gargoyle Fighter on June 29, 2023.
             Killed from afar by an orc wizard (4 damage)
             ... with a magic dart
             ... on level 3 of the Dungeon.
             The game lasted 00:00:49 (1862 turns).

qw the Chopper (Gargoyle Fighter)                   Turns: 1862, Time: 00:00:50

Health: 0/23       AC: 12    Str: 21    XL:     3   Next: 47%
Magic:  3/3        EV:  7    Int:  8    God:
Gold:   100        SH:  0    Dex:  9    Spells: 2/2 levels left

rFire   . . .        Y - +0 war axe
rCold   . . .        c - +0 buckler
rNeg    + + .        k - +0 chain mail
rPois   inf          (no helmet)
rElec   +            (no cloak)
rCorr   .            (no gloves)
SInv    .            (no boots)
Will    .....        (no amulet) Stlth
                     j - ring of positive energy
HPRegen 0.23/turn    (no ring)
MPRegen 0.08/turn

%: no passive effects
@: confused
A: sickness immunity, AC +3, negative energy resistance 1, electricity
resistance, torment resistance 1, petrification resistance
a: no special abilities


You were on level 3 of the Dungeon.
You visited 1 branch of the dungeon, and saw 3 of its levels.

You collected 100 gold pieces.


Innate Abilities, Weirdness & Mutations

You are immune to sickness and miasma.
Your stone body is resilient. (AC +3)
You are immune to poison.
You resist negative energy. (rN+)
You are resistant to electric shocks. (rElec)
You are resistant to unholy torment.
You are immune to petrification.


   Skills:
 - Level 3.2 Fighting
 + Level 3.4 Axes
 - Level 3.2 Armour
 - Level 3.2 Shields


You had 2 spell levels left.
You didn't know any spells.
Your spell library was empty.

Inventory:

Hand Weapons
 f - a +0 mace
 Y - a +0 war axe (weapon)
Armour
 c - a +0 buckler (worn)
 k - a +0 chain mail (worn)
Jewellery
 j - a ring of positive energy (left hand)
Scrolls
 a - a scroll of identify
Potions
 b - a potion of attraction
 d - 2 potions of might
 e - a potion of curing {unknown}
 h - a potion of haste
 i - a potion of mutation

Dungeon Overview and Level Annotations

Branches:
Dungeon (3/15)

Altars:
Hepliaklqana


Message History

You block the orc wizard's attack.
You hear some strange, mumbled words.
Something tries to affect you, but you resist.
You hit the orc wizard.
The orc wizard is severely wounded.
You barely miss something. The orc wizard casts a spell at you.
You are confused.
Something hits you but does no damage.
The orc wizard hits you with a +0 dagger.
Something hits you but does no damage.
The orc wizard gestures at you while chanting.
The puff of flame hits you but does no damage.
Something hits you but does no damage.
The orc wizard hits you but does no damage.
Something hits you but does no damage. The orc wizard barely misses you.
Something hits you but does no damage. The orc wizard barely misses you.
You hear some strange, mumbled words.
Something tries to affect you, but you resist.
The orc wizard hits you but does no damage.
Something hits you but does no damage. The orc wizard casts a spell at you.
The puff of flame hits you. Something hits you but does no damage.
You feel less confused.
The orc wizard gestures at you while chanting.
You are confused.
You hear some strange, mumbled words.
You are more confused.
The orc wizard hits you with a +0 dagger.
Something hits you but does no damage.
The orc wizard hits you but does no damage.
Something hits you but does no damage.
The orc wizard hits you but does no damage.
Something hits you.
The orc wizard hits you with a +0 dagger.
Something hits you. The orc wizard casts a spell at you.
The magic dart hits you.
You die...

...... ...... .#
...... .# ....##
##+#.# . ...# #.!..#
.. #.####....#...
##...)........
##....## #....)#...##.
.......# #.....{@o..#
#......###.....####.#
#.#.......).........g.
#..............#... .
#...........####...
#...........# ..
#....<......#
#####.......#
............#


You could see an orc wizard.

Vanquished Creatures
  2 orcs (D:3)
  3 endoplasms (D:1)
  2 giant cockroaches (D:1)
  2 hobgoblins
  2 jackals (D:3)
  2 kobolds
  2 quokkas (D:1)
  3 ball pythons (D:2)
  4 bats
  5 frilled lizards
  5 goblins
  4 rats
36 creatures vanquished.

Notes
Turn   | Place    | Note
-------+----------+-------------------------------------------
     0 | D:1      | qw the Gargoyle Fighter began the quest for the Orb.
     0 | D:1      | Reached XP level 1. HP: 14/14 MP: 1/1
     0 | D:1      | 0 ||| qw: Version: 0.3-a-24-g62f9e04
     0 | D:1      | 0 ||| qw: Game counter: 6742
     0 | D:1      | 0 ||| qw: Melee chars always use a shield: true
     0 | D:1      | 0 ||| qw: God list: Okawaru
     0 | D:1      | 0 ||| qw: Allow faded altars: false
     0 | D:1      | 0 ||| qw: Do Orc after clearing Dungeon:15 true
     0 | D:1      | 0 ||| qw: Do second Lair branch before Depths: true
     0 | D:1      | 0 ||| qw: Lair rune preference: random
     0 | D:1      | 0 ||| qw: Goals: Normal, Zot:1-4, Slime:5, God:TSO, Crypt,
                  | Tomb, Abyss, Pan, Hells, Win
     0 | D:1      | 0 ||| PLANNING D:1-11
   235 | D:1      | Reached XP level 2. HP: 13/19 MP: 2/2
   798 | D:1      | 798 ||| UPGRADING to +0 chain mail.
   808 | D:1      | 808 ||| DROPPING +0 scale mail.
   809 | D:1      | 809 ||| UPGRADING to ring of positive energy.
   810 | D:1      | 810 ||| READING 4 scrolls labelled BEXOSE EGHEINA.
   811 | D:1      | 811 ||| READING 3 scrolls of identify.
   811 | D:1      | 811 ||| IDENTIFYING coppery potion
   812 | D:1      | 812 ||| READING 2 scrolls of identify.
   812 | D:1      | 812 ||| IDENTIFYING white potion
   813 | D:1      | 813 ||| DROPPING potion of brilliance.
   897 | D:2      | Found a faded altar of an unknown god.
   943 | D:2      | Reached skill level 3 in Axes
  1041 | D:2      | Found a hazy altar of Hepliaklqana.
  1077 | D:2      | Reached XP level 3. HP: 23/23 MP: 3/3
  1792 | D:2      | 1792 ||| READING scroll labelled LUHUOXZOCSU.
  1793 | D:2      | 1793 ||| READING scroll labelled ROGHAN MICUQ.
  1794 | D:2      | 1794 ||| READING 4 scrolls of identify.
  1794 | D:2      | 1794 ||| IDENTIFYING glowing white potion
  1795 | D:2      | 1795 ||| READING 3 scrolls of identify.
  1795 | D:2      | 1795 ||| IDENTIFYING fizzy ruby potion
  1796 | D:2      | 1796 ||| READING 2 scrolls of identify.
  1796 | D:2      | 1796 ||| IDENTIFYING bubbling pink potion
  1797 | D:2      | 1797 ||| DROPPING potion of degeneration.
  1823 | D:3      | 1823 ||| Stepping ~*~*~tactically~*~*~ (stealth).
  1861 | D:3      | HP: 5/23 [orc wizard/+0 dagger (4)]
  1862 | D:3      | Killed from afar by an orc wizard

Levels and vault maps discovered:
D:1:      minmay_arrival_up_and_down, layout_basic
D:2:      layout_loops_corners, basic_altar, hellmonk_ecumenical_altar_zigzags
D:3:      layout_basic, serial_shops, nicolae_shop_behind_doors, serial_forest,
          infiniplex_forest_join, infiniplex_forest_clump_long,
          infiniplex_forest_clump_small, infiniplex_forest_lined_3_way,
          infiniplex_forest_clump_medium

Skill      XL: |  1  2 |
---------------+-------+-----
Axes           | 2 3 |  3.4
Fighting       | |  3.2
Armour         | |  3.2
Shields        | |  3.2

Action                     || total
---------------------------++-------
  Melee: War axe           ||   138
    Use: Scroll            ||     8
 Armour: Scale mail        ||    33
         Chain mail        ||    65
  Dodge: Dodged            ||    60
  Block: Buckler           ||    18

Table legend:
 A = Non-vault XP
 B = Vault XP
 C = Vault XP percentage of total XP
 D = Non-vault monster count
 E = Vault monster count
 F = Vault count percentage of total count
                 A         B        C        D         E       F
            +---------+---------+-------+---------+---------+-------
      Total |      57 |       0 |   0.0 |      36 |       0 |   0.0
            +---------+---------+-------+---------+---------+-------
        D:1 |      29 |       0 |   0.0 |      19 |       0 |   0.0
        D:2 |      15 |       0 |   0.0 |      11 |       0 |   0.0
        D:3 |      13 |       0 |   0.0 |       6 |       0 |   0.0
            +---------+---------+-------+---------+---------+-------
